 Dungeon Crawl Stone Soup version 0.30-a0-311-gf115ab0292 (webtiles) character file.

Game seed: 9565080601186453423

1278 koil the Sneak (level 8, -3/38 HPs)
             Began as a Spriggan Venom Mage on Oct 25, 2022.
             Was a Follower of Sif Muna.
             Shot with a sling bullet by Joseph (16 damage)
             ... on level 7 of the Dungeon.
             The game lasted 00:17:31 (5495 turns).

koil the Sneak (Spriggan Venom Mage)                Turns: 5495, Time: 00:17:31

Health: -3/38      AC:  5    Str:  6    XL:     8   Next: 29%
Magic:  15/17      EV: 22    Int: 18    God:    Sif Muna [*.....]
Gold:   398        SH:  0    Dex: 23    Spells: 12/17 levels left

rFire   . . .      SeeInvis +    o - +8 dagger of Ceg Kall {freeze, Fragile Str-4 Dex+7 SInv}
rCold   . . .      Faith    .    (no shield)
rNeg    . . .      Spirit   .    f - +1 robe {Will+}
rPois   +          Reflect  .    (helmet restricted)
rElec   .          Harm     .    C - +1 cloak {rPois}
rCorr   .          Rampage  .    (gloves unavailable)
Will    ++...                    (boots unavailable)
Stlth   ++++......               v - amulet of magic regeneration
HPRegen 0.26/turn                m - +6 ring of strength
MPRegen 0.55/turn                (no ring)

@: very quick
A: very small, no large weapons, unfitting armour, see invisible, speed 3
a: Renounce Religion, Channel Magic


You were on level 7 of the Dungeon.
You worshipped Sif Muna.
Sif Muna was aware of your devotion.
You visited 1 branch of the dungeon, and saw 7 of its levels.

You collected 398 gold pieces.

Inventory:

Hand Weapons
 a - a +0 dagger
 o - the +8 dagger of Ceg Kall (weapon) {freeze, Fragile Str-4 Dex+7 SInv}
   (You found it on level 2 of the Dungeon)

   It freezes those it strikes, dealing additional cold damage.
   It can also slow down cold-blooded creatures.
   Str:       It affects your strength (-4).
   Dex:       It affects your dexterity (+7).
   SInv:      It lets you see invisible.
   Fragile:   It will be destroyed if unequipped.
 z - the +12 spear of Extinguishment {venom, Drain rF++}
   (You took it off an orc on level 5 of the Dungeon)

   It poisons the flesh of those it strikes.
   rF:        It greatly protects you from fire.
   Drain:     It drains your maximum health when unequipped.
 A - a +0 short sword of venom
 B - a +3 quarterstaff of chaos
 F - a +1 vampiric spear
Armour
 c - a +0 robe
 f - a +1 robe of willpower (worn)
 p - a +0 robe of resistance
 C - a +1 cloak of poison resistance (worn)
Jewellery
 m - a +6 ring of strength (left hand)
 v - an amulet of magic regeneration (around neck)
Wands
 r - a wand of polymorph (16)
 D - a wand of flame (26)
 I - a wand of light (8)
Scrolls
 d - a scroll of torment {unknown}
 e - 6 scrolls of teleportation {unknown}
 i - 2 scrolls of acquirement {unknown}
 n - a scroll of vulnerability {unknown}
 q - 4 scrolls of identify {unknown}
 s - 2 scrolls of blinking {unknown}
 y - a scroll of silence {unknown}
 E - a scroll of amnesia {unknown}
 G - a scroll of enchant weapon {unknown}
 H - a scroll of enchant armour {unknown}
 K - a scroll of fear {unknown}
 L - a scroll of noise {unknown}
 M - a scroll of brand weapon {unknown}
Potions
 b - 2 potions of magic
 g - a potion of invisibility {unknown}
 h - 3 potions of berserk rage {unknown}
 j - a potion of ambrosia {unknown}
 k - 6 potions of lignification {unknown}
 l - a potion of curing
 t - a potion of mutation {unknown}
 u - a potion of cancellation {unknown}
 w - 2 potions of flight {unknown}
 x - a potion of attraction {unknown}
 J - a potion of haste {unknown}


   Skills:
 + Level 1.6 Fighting
 + Level 4.1 Short Blades
 + Level 5.7 Dodging
 + Level 6.9 Stealth
 + Level 5.3 Spellcasting
 + Level 5.2 Transmutations
 + Level 5.0 Poison Magic


You had 12 spell levels left.
You knew the following spells:

 Your Spells              Type           Power      Damage    Failure   Level
a - Sting                 Tmut/Pois      92%        1d7       1%          1
b - Olgreb's Toxic Radia  Pois           22%        N/A       16%         4

Your spell library contained the following spells:

 Spells                   Type           Power      Damage    Failure   Level
 Poisonous Vapours        Pois/Air       26%        N/A       7%          2
 Mephitic Cloud           Conj/Pois/Air  10%        N/A       19%         3
 Portal Projectile        Hex/Tloc       8%         N/A       36%         3
 Tukima's Dance           Hex            4%         N/A       36%         3
 Blade Hands              Tmut           11%        N/A       38%         5


Dungeon Overview and Level Annotations

Branches:
Dungeon (7/15)
 Temple: D:4-7

Altars:
Ashenzari
Dithmenos
Elyvilon
Fedhas
Gozag
Sif Muna

Annotations:
D:7 Joseph


Innate Abilities, Weirdness & Mutations

You are very small and have problems with some larger weapons.
You are too small for most types of armour.
You have supernaturally acute eyesight. (SInv)
You cover ground extremely quickly. (Speed+++)


Message History

Joseph shoots a sling bullet.
The sling bullet misses you.
Casting: Sting (safe; 1% risk of failure)
Confirm with . or Enter, or press ? or * to list all spells.
Aiming: Sting (safe; 1% risk of failure)
Press: ? - help, Shift-Dir - straight line, f - Joseph
Aim: Joseph, wielding a +0 sling and wearing a +2 leather armour of poison resistance (76% to hit)
The sting misses Joseph.
Joseph shoots a sling bullet.
The sling bullet closely misses you.
Casting: Sting (safe; 1% risk of failure)
Confirm with . or Enter, or press ? or * to list all spells.
Aiming: Sting (safe; 1% risk of failure)
Press: ? - help, Shift-Dir - straight line, f/p - Joseph
Aim: Joseph, wielding a +0 sling and wearing a +2 leather armour of poison resistance (76% to hit)
The sting hits Joseph.
Joseph partially resists.
Joseph is lightly wounded.
Joseph shoots a sling bullet.
The sling bullet barely misses you.
Unknown command.
Casting: Sting (safe; 1% risk of failure)
Confirm with . or Enter, or press ? or * to list all spells.
Aiming: Sting (safe; 1% risk of failure)
Press: ? - help, Shift-Dir - straight line, f/p - Joseph
Aim: Joseph, wielding a +0 sling and wearing a +2 leather armour of poison resistance (lightly wounded, 76% to hit)
The sting misses Joseph.
Joseph shoots a sling bullet.
The sling bullet hits you.
Press: ? - help, v - describe, . - travel
Here: Joseph, wielding a +0 sling and wearing a +2 leather armour of poison resistance (lightly wounded)
The floor.
Casting: Sting (safe; 1% risk of failure)
Confirm with . or Enter, or press ? or * to list all spells.
Okay, then.
Unknown command.
Casting: Sting (safe; 1% risk of failure)
Confirm with . or Enter, or press ? or * to list all spells.
The spell is quite dangerous to miscast (16% risk of failure)!
Continue anyway?
You begin to radiate toxic energy.
Joseph shoots a sling bullet.
The sling bullet hits you.
Joseph shoots a sling bullet.
The sling bullet hits you!
Your toxic aura wanes.
Joseph shoots a sling bullet.
The sling bullet hits you!
You die...

#.#########.# ##.#
#.# ###..# #.#####
#....# #.....# #.##.#
.._...^.##.## #.##.#
......#.##.# #.##.#
......#.##.# #.#..#
..... #.##.#
#.#..####^####@##.#
###...............#.#
...........>..#.....#
##.########.#.#####.#
#..# # # #@# ..## #.#
## #.# #.# #.#


You could see Joseph.

Vanquished Creatures
  A hornet (D:6)
  Eustachio (D:5)
  An ice beast (D:5)
  A phantom (D:5)
  A necrophage (D:6)
  2 scorpions
  2 jellies
  An orc priest (D:5)
  Crazy Yiuf (D:5)
  4 hounds
  A gnoll bouda (D:6)
  An iguana (D:4)
  4 orc wizards
  Ijyb (D:5)
  6 adders
  4 gnolls (D:6)
  A shadow imp (D:5)
  A white imp (D:6)
  2 ufetubi
  A worm (D:3)
  A dart slug (D:1)
  11 orcs
  6 endoplasms
  2 giant cockroaches (D:1)
  6 goblins
  7 hobgoblins
  4 jackals (D:1)
  6 quokkas
  4 ball pythons
  3 bats
  3 frilled lizards
  5 kobolds
  4 rats
99 creatures vanquished.

Vanquished Creatures (others)
  A demonic plant (D:1)
  A fungus (D:1)
  A withered plant (D:1)
3 creatures vanquished.

Grand Total: 102 creatures vanquished

Notes
Turn   | Place    | Note
-------+----------+-------------------------------------------
     0 | D:1      | koil the Spriggan Venom Mage began the quest for the Orb.
     0 | D:1      | Reached XP level 1. HP: 9/9 MP: 5/5
   236 | D:1      | Reached XP level 2. HP: 8/13 MP: 2/6
   628 | D:1      | Found a faded altar of an unknown god.
   917 | D:1      | Reached XP level 3. HP: 16/16 MP: 8/8
  1240 | D:2      | Reached skill level 1 in Short Blades
  1526 | D:2      | Reached skill level 4 in Stealth
  1540 | D:2      | Identified the +8 dagger of Ceg Kall {freeze, Fragile Str-4
                  | Dex+7 SInv}
  1866 | D:3      | Reached XP level 4. HP: 21/21 MP: 9/9
  1924 | D:3      | Learned a level 4 spell: Olgreb's Toxic Radiance
  2635 | D:4      | Reached XP level 5. HP: 24/24 MP: 11/11
  2950 | D:4      | Found a blossoming altar of Fedhas.
  2979 | D:4      | Found a shimmering blue altar of Sif Muna.
  3381 | D:4      | Became a worshipper of Sif Muna the Loreminder
  3413 | D:5      | Entered Level 5 of the Dungeon
  3413 | D:5      | Noticed Eustachio
  3423 | D:5      | Killed Eustachio
  3424 | D:5      | Reached skill level 5 in Stealth
  3424 | D:5      | Reached XP level 6. HP: 24/28 MP: 9/13
  3448 | D:5      | Identified the +12 spear of Extinguishment {venom, Drain
                  | rF++}
  3498 | D:5      | Found a broken altar of Ashenzari.
  3585 | D:5      | Found a runed translucent door.
  3586 | D:5      | Noticed Crazy Yiuf
  3593 | D:5      | Killed Crazy Yiuf
  3750 | D:5      | Noticed Ijyb
  3766 | D:5      | Reached XP level 7. HP: 28/32 MP: 14/14
  3787 | D:5      | Killed Ijyb
  4090 | D:5      | Reached skill level 5 in Dodging
  4090 | D:5      | Reached skill level 6 in Stealth
  4380 | D:6      | Reached skill level 1 in Fighting
  4384 | D:6      | Reached skill level 5 in Spellcasting
  4392 | D:6      | Reached * piety under Sif Muna
  4715 | D:6      | Reached XP level 8. HP: 37/37 MP: 16/16
  4752 | D:6      | Noticed a hornet
  4788 | D:6      | Paralysed by a hornet for 2 turns
  4853 | D:6      | Killed a hornet
  4854 | D:6      | Reached skill level 5 in Transmutations
  4924 | D:6      | Found a white marble altar of Elyvilon.
  4924 | D:6      | Found a shadowy altar of Dithmenos.
  4951 | D:6      | Reached skill level 5 in Poison Magic
  5470 | D:7      | Found an opulent altar of Gozag.
  5478 | D:7      | Noticed Joseph
  5495 | D:7      | Shot with a sling bullet by Joseph

Illustrated notes

Levels and vault maps discovered:
D:1:      sevenhm_arrival_forest_fort_large_2, layout_loops_ring,
          shapermc_ecumenical_altar_gd, nrook_campfire, minmay_misc_feat_pillars
D:2:      layout_basic, minmay_misc_feat_doors
D:3:      layout_basic
D:4:      layout_basic, lemuel_doored_altar, fedhas_altar_fruit_tree
D:5:      layout_loops_ring, nicolae_ashenzari_panopticon,
          uniq_crazy_yiuf_cottage, uniq_ijyb, uniq_eustachio
D:6:      layout_rooms, gammafunk_temple_overflow_wave
D:7:      layout_basic, lemuel_tele_altar, temple_hall, uniq_joseph

Skill      XL: |  1  2  3  4  5  6  7  8 |
---------------+-------------------------+-----
Dodging        | 3 4 5 |  5.7
Spellcasting   | 3 4 5 |  5.3
Transmutations | 2 3 4 5 |  5.2
Short Blades   | 1 2 3 4 |  4.1
Stealth        | 4 5 6 |  6.9
Poison Magic   | 4 5 |  5.0
Fighting       | 1 |  1.6

Action                   |  1- 3 |  4- 6 |  7- 9 || total
-------------------------+-------+-------+-------++-------
Melee: Dagger            |   125 |    83 |    73 ||   281
       Unarmed           |     6 |       |       ||     6
       Punch             |     2 |       |     1 ||     3
 Cast: Sting             |    23 |     9 |     8 ||    40
       Olgreb's Toxic Ra |       |     1 |     2 ||     3
  Use: Potion            |       |     1 |       ||     1
 Stab: Sleeping          |     7 |     3 |     5 ||    15
       Distracted        |       |     1 |     1 ||     2
Armor: Robe              |    13 |    10 |    10 ||    33
Dodge: Dodged            |    98 |    62 |    43 ||   203

Table legend: (Time is in decaauts)
 A = Elapsed time spent in this place.
 B = Non-inter-level travel time spent in this place.
 C = Inter-level travel time spent in this place.
 D = Time resting spent in this place.
 E = Time spent auto-exploring this place.
 F = Levels seen in this place.
 G = Mean time per level.
                   A        B        C        D        E       F      G
               +--------+--------+--------+--------+--------+-----+--------+
         Total |   3688 |   3524 |    164 |      0 |   2714 |   7 |  526.9 |
       Dungeon |   3688 |   3524 |    164 |      0 |   2714 |   7 |  526.9 |
               +--------+--------+--------+--------+--------+-----+--------+

Top non-repeatable levels by time:
     D:1: 856 daAuts
     D:5: 624 daAuts
     D:6: 555 daAuts
     D:4: 530 daAuts
     D:3: 517 daAuts
     D:2: 366 daAuts
     D:7: 236 daAuts
